Map: 데스오라 - 래더

Players

Kelazhur

  • Race: Terran Terran
  • League: Master
  • Spawn Location: 11:00

Solar - Winner!

  • Race: Zerg Zerg
  • Spawn Location: 5:00

Event: StayAtHomestory Cup #2

VOD

Have the link to the VOD?

Description

Time

  • Played on: June 11, 2020, 2:07 p.m.
  • Length: 8:55

All games in this series

Show
View Real Time Build Order
Export as new Build Order

Kelazhur Terran 

Build Orders: Gas First Reaper Expand, Hellion Banshee 

Get SALT Encoding   

  12  0:00  SCV  
  13  0:13  SCV  
  14  0:17  Supply Depot  
  14  0:25  SCV  
  14  0:27  Refinery  
  15  0:38  SCV  
  16  0:44  Barracks  
  16  0:50  SCV  
  17  1:03  SCV  
  18  1:15  SCV  
  19  1:31  Reaper, Orbital Command  
  20  1:40  Command Center  
  20  1:51  Factory  
  20  1:56  SCV  
  21  2:03  Supply Depot  
  21  2:05  Barracks Reactor  
  21  2:08  SCV  
  21  2:14  Refinery  
  22  2:20  SCV  
  23  2:33  SCV  
  24  2:42  Starport  
  24  2:45  SCV  
  24  2:50  Hellion x2  
  29  2:53  Orbital Command  
  29  2:57  SCV  
  30  3:02  Barracks Tech Lab  
  30  3:09  SCV  
  30  3:11  Hellion x2  
  35  3:21  SCV  
  35  3:25  SCV  
  37  3:28  Cloaking Field, Banshee  
  37  3:33  SCV  
  41  3:34  Supply Depot  
  41  3:37  SCV  
  42  3:42  Hellion x2  
  46  3:53  Supply Depot  
  46  3:56  SCV x2, Marine  
  46  3:58  Supply Depot  
  49  4:08  Hellion x2  
  49  4:09  SCV  
  54  4:15  SCV, Armory, Banshee  
  58  4:22  SCV  
  58  4:23  Armory  
  59  4:26  Supply Depot  
  59  4:29  Hellion  
  59  4:30  SCV, Hellion  
  64  4:34  SCV  
  65  4:43  SCV  
  66  4:46  SCV  
  66  4:52  Hellion x2  
  71  4:53  Hyperflight Rotors  
  71  4:56  Supply Depot  
  71  4:58  SCV x2, Banshee  
  76  5:11  SCV  
  76  5:13  SCV  
  77  5:18  Hellion x2  
  81  5:25  Command Center, Refinery x2  
  81  5:26  Hellion x4  
  81  5:27  Supply Depot  
  81  5:31  SCV  
  81  5:32  SCV  
  73  5:41  Hellion x2  
  77  5:44  SCV  
  78  5:50  Banshee  
  78  5:53  SCV  
  78  5:56  SCV, Factory x2  
  83  6:01  Terran Vehicle Weapons Level 1  
  83  6:05  SCV  
  83  6:08  Hellion  
  83  6:09  Hellion  
  88  6:16  SCV  
  85  6:22  SCV  
  84  6:29  SCV  
  84  6:30  Hellion x2  
  84  6:31  Armory, Engineering Bay, Supply Depot  
  89  6:34  SCV  
  89  6:35  Banshee  
  89  6:38  Orbital Command  
  93  6:40  Factory Tech Lab  
  93  6:41  SCV, Factory Tech Lab  
  94  6:48  SCV  
  94  6:53  SCV  
  94  6:59  Hellion x2  
  98  7:05  Thor x2  
  110  7:13  Orbital Command  
  110  7:14  SCV  
  111  7:17  SCV  
  111  7:20  Hellion x2  
  113  7:26  SCV  
  113  7:29  SCV  
  107  7:33  Missile Turret  
  91  7:38  SCV  
  91  7:39  Missile Turret  
  91  7:40  Missile Turret  
  91  7:41  SCV, Refinery  
  91  7:42  SCV, Refinery  
  91  7:43  Missile Turret  
  92  7:45  Hellion x2  
  92  7:49  Missile Turret  
  92  7:50  SCV  
  97  7:53  SCV, Thor  
  97  7:55  SCV  
  104  8:02  SCV  
  104  8:05  SCV  
  105  8:07  SCV  
  98  8:14  Hellion x2  
  98  8:15  SCV  
  98  8:17  SCV  
  108  8:21  SCV  
  88  8:53  Factory x2  
Show
View Real Time Build Order
Export as new Build Order

Solar Zerg - Winner!

Build Orders: Hatch First 

Get SALT Encoding   

  12  0:01  Drone  
  13  0:14  Overlord  
  13  0:17  Drone  
  14  0:32  Drone x2  
  16  0:47  Hatchery  
  15  0:51  Drone  
  15  0:54  Drone  
  17  0:57  Drone  
  18  1:09  Extractor  
  17  1:13  Spawning Pool  
  17  1:15  Drone  
  17  1:19  Drone  
  18  1:30  Drone  
  19  1:42  Drone  
  20  1:52  Overlord  
  20  1:59  Queen  
  20  2:00  Queen  
  20  2:01  Zergling x4  
  26  2:12  Drone  
  26  2:13  Drone  
  28  2:24  Hatchery  
  28  2:28  Metabolic Boost  
  27  2:32  Drone  
  27  2:35  Drone  
  29  2:40  Drone  
  29  2:43  Queen  
  31  2:48  Overlord  
  31  2:53  Drone x2  
  31  2:55  Drone  
  34  2:58  Drone  
  35  3:08  Drone x2  
  35  3:10  Drone x2  
  35  3:11  Drone  
  40  3:19  Queen, Overlord  
  42  3:23  Drone  
  43  3:29  Overlord  
  43  3:37  Queen  
  43  3:38  Drone  
  48  3:41  Drone x2  
  48  3:42  Zergling x2  
  48  3:43  Zergling x4  
  48  3:44  Drone  
  48  3:46  Overlord  
  48  3:48  Drone  
  53  3:54  Zergling x6  
  56  3:57  Queen  
  56  3:59  Drone  
  56  4:01  Drone  
  60  4:03  Drone  
  60  4:07  Lair  
  61  4:10  Drone x2  
  61  4:11  Extractor x2  
  61  4:13  Spore Crawler  
  60  4:20  Baneling Nest, Spore Crawler  
  60  4:23  Drone, Spore Crawler  
  58  4:26  Drone  
  58  4:29  Drone x2, Spore Crawler  
  58  4:30  Drone  
  61  4:36  Queen  
  63  4:39  Drone  
  63  4:41  Zergling x4  
  63  4:43  Overlord  
  66  4:46  Drone x2  
  66  4:48  Zergling x2  
  66  4:52  Overlord  
  69  4:56  Overlord  
  69  4:59  Overlord  
  69  5:03  Drone x2  
  69  5:04  Baneling  
  69  5:05  Baneling x4  
  71  5:08  Overseer  
  71  5:09  Baneling  
  71  5:10  Drone x2  
  71  5:13  Drone  
  72  5:15  Extractor  
  72  5:19  Drone x2  
  73  5:21  Zergling x2  
  73  5:27  Baneling x2  
  73  5:28  Drone  
  75  5:31  Drone  
  73  5:36  Drone x2  
  73  5:37  Drone, Spire  
  73  5:38  Drone x4  
  73  5:39  Drone  
  73  5:40  Baneling  
  73  5:41  Drone  
  76  5:43  Drone  
  76  5:45  Drone  
  78  5:54  Drone, Overlord  
  80  5:57  Drone x2  
  80  5:58  Drone  
  80  6:00  Zergling x4  
  80  6:01  Extractor x2  
  80  6:03  Spine Crawler, Zergling x4  
  83  6:05  Baneling  
  83  6:06  Overlord  
  83  6:10  Drone  
  84  6:12  Drone  
  84  6:13  Drone  
  84  6:14  Drone  
  84  6:15  Drone  
  84  6:16  Drone  
  88  6:18  Drone  
  88  6:20  Drone  
  88  6:21  Drone  
  88  6:22  Drone x2  
  88  6:24  Drone  
  93  6:29  Evolution Chamber  
  93  6:30  Evolution Chamber  
  91  6:36  Overlord  
  91  6:38  Zergling x12  
  91  6:39  Baneling  
  97  6:42  Overlord  
  97  6:44  Overlord  
  97  6:50  Zergling x10  
  101  7:00  Mutalisk x3  
  106  7:02  Overseer  
  106  7:05  Mutalisk x6  
  118  7:11  Baneling x5  
  116  7:17  Zergling x2  
  116  7:18  Zergling x10  
  122  7:24  Overlord  
  122  7:27  Mutalisk x2  
  121  7:47  Zergling x10, Hatchery  
  121  7:48  Zergling x12  
  121  7:49  Zergling x2  
  132  7:59  Drone  
  132  8:00  Drone x2  
  132  8:04  Roach Warren  
  129  8:10  Baneling x2  
  129  8:11  Drone x3, Baneling x2  
  129  8:12  Drone x2  
  131  8:13  Drone  
  131  8:14  Drone x2  
  131  8:16  Drone  
  131  8:19  Overlord  
  133  8:25  Infestation Pit  
  129  8:27  Zergling x6  
  129  8:30  Overlord  
  129  8:32  Extractor  
  129  8:33  Overlord  
  130  8:36  Extractor  
  130  8:37  Overlord  
Tags
 
Add a new tag
Caveats
  • Supply blocks, unpowered buildings, or Contaminate may cause inaccurate times.
  • Supply counts are checked every 10 seconds.